 Dungeon Crawl Stone Soup version 0.31-a0-986-g5e6e4ef867 (webtiles) character file.

Game seed: 6002072463851241544

124 bmb222 the Ruffian (level 5, -3/33 HPs)
             Began as an Octopode Shapeshifter on Nov 25, 2023.
             Shot with an arrow by a centaur (10 damage)
             ... on level 4 of the Dungeon.
             The game lasted 00:02:53 (2407 turns).

bmb222 the Ruffian (Octopode Shapeshifter)          Turns: 2407, Time: 00:02:54

Health: -3/33      AC:  1    Str: 15    XL:     5   Next: 8%
Magic:  5/5        EV: 13    Int: 12    God:
Gold:   186        SH:  0    Dex: 12    Spells: 4/4 levels left

rFire   . .          .
                       - Unarmed
rCold   . . .        (no shield)
rNeg    . . .        (helmet currently unavailable)
rPois   .            (no amulet)
rElec   .            (no ring)
rCorr   .            (no ring)
SInv    .            (no ring)
Will    .....        (no ring)
Stlth   +++          (no ring)
HPRegen 0.25/turn    (no ring)
MPRegen 0.09/turn    (no ring)
                     (no ring)

%: no passive effects
@: beast-form
A: beast (slay +1), almost no armour, amphibious, 8 rings, camouflage 1,
gelatinous body 1, (nimble swimmer 1), tentacles
a: Begin Untransformation


You were on level 4 of the Dungeon.
You were a hulking beast.
You visited 1 branch of the dungeon, and saw 4 of its levels.

You collected 186 gold pieces.

Inventory:

Missiles
 o - a throwing net
Jewellery
 p - a ring of positive energy
Talismans
 b - a beast talisman
 c - a flux talisman
Scrolls
 d - 2 scrolls of identify {unknown}
 e - 2 scrolls of teleportation {unknown}
 g - a scroll of silence {unknown}
 h - a scroll of butterflies {unknown}
Potions
 a - 2 potions of lignification
 f - a potion of curing {unknown}
 i - a potion of brilliance {unknown}
 j - a potion of cancellation {unknown}
 k - a potion of berserk rage {unknown}
 l - 2 potions of mutation {unknown}
 m - a potion of magic {unknown}
 n - a potion of haste {unknown}
 q - a potion of invisibility {unknown}


   Skills:
 + Level 1.2 Fighting
 + Level 2.7 Dodging
 * Level 3.8 Stealth
 + Level 4.2 Unarmed Combat
 - Level 3.0 Shapeshifting


You had 4 spell levels left.
You didn't know any spells.
Your spell library contained the following spells:

 Spells                   Type           Power      Damage    Failure   Level
 Cigotuvi's Dreadful Rot  Necr/Pois/Air  0%         N/A       45%         2
 Dispel Undead            Necr           0%         3d6       97%         4
 Death Channel            Necr           0%         N/A       100%        6


Dungeon Overview and Level Annotations

Branches:
Dungeon (4/15)
 Temple: D:4-7

Altars:
Elyvilon
Nemelex Xobeh

Shops:
D:3 =


Innate Abilities, Weirdness & Mutations

You are a hulking beast.
Your limbs bulge with bestial killing power. (Slay +1)
You cannot wear most types of armour.
You are amphibious.
You can wear up to eight rings at the same time.
Your skin changes colour to match your surroundings (Stealth+).
Your rubbery body absorbs attacks. (AC +1, EV +1)
((You are camouflaged when in or above water. (Stealth+)))
You have tentacles for arms and can constrict up to eight enemies at once.


Message History

Can't find anything matching that.
Search for what [Enter for "d4", or ? for help]?
Okay, then.
What level of the Dungeon? (default 3, ? - help)
There is an open door here.
There is a stone staircase leading down here.
You climb downwards.
Found 11 gold pieces.
There is a stone staircase leading up here.
Natasha is nearby!
Natasha is nearby!
Unknown command.
Natasha hisses angrily.
Natasha claws you!
You closely miss Natasha. Your grab misses Natasha. You squeeze Natasha!
Natasha is almost dead.
Natasha claws you.
You barely miss Natasha. Your grab misses Natasha.
Natasha is almost dead.
Natasha barely misses you.
You barely miss Natasha. Your grab misses Natasha. You squeeze Natasha.
You kill Natasha!
Natasha screams in fury as she dies!
You have reached level 5!
You feel agile.
A centaur comes into view.
A centaur is nearby!
A centaur is nearby!
A centaur is nearby!
An orc comes into view. It is wielding a +0 club.
The orc shouts!
The centaur shouts!
The centaur wields a +0 shortbow.
The centaur shoots an arrow.
The arrow hits you!
The orc moves out of view.
An orc comes into view. It is wielding a +0 short sword.
The orc shouts!
The centaur shoots an arrow.
The arrow hits you!
The centaur shoots an arrow.
The arrow hits you.
* * * LOW HITPOINT WARNING * * *
The centaur shoots an arrow.
The arrow hits you!
You die...

. ##### ## .. #...
.# .. ##..# .#
###.##...###.#####.
........$..........
#.#.##†............
#.......h..........
###c##...##<#...##
# #...#### ..#
....... . ......###
#..##.... ...
#.#.## ## #.#o#


You could see a centaur and an orc.

Vanquished Creatures
  An iguana (D:3)
  Natasha (D:4)
  An adder (D:2)
  A worm (D:2)
  2 dart slugs
  An orc (D:3)
  3 ball pythons
  4 endoplasms
  4 giant cockroaches
  A goblin (D:1)
  11 hobgoblins
  7 jackals
  4 kobolds
  2 quokkas
  2 bats
  3 frilled lizards
  2 rats
50 creatures vanquished.

Notes
Turn   | Place    | Note
-------+----------+-------------------------------------------
     0 | D:1      | bmb222 the Octopode Shapeshifter began the quest for the
                  | Orb.
     0 | D:1      | Reached XP level 1. HP: 13/13 MP: 1/1
   159 | D:1      | Reached skill level 1 in Stealth
   258 | D:1      | Reached XP level 2. HP: 18/18 MP: 2/2
   979 | D:2      | Reached XP level 3. HP: 17/23 MP: 3/3
  1612 | D:3      | Reached XP level 4. HP: 28/28 MP: 4/4
  1669 | D:3      | Reached skill level 4 in Unarmed Combat
  1862 | D:3      | Found Puyrebli's Jewellery Shop.
  1932 | D:3      | Found a white marble altar of Elyvilon.
  1996 | D:3      | Found a sparkling altar of Nemelex Xobeh.
  2351 | D:4      | Noticed Natasha
  2358 | D:4      | Killed Natasha
  2359 | D:4      | Reached XP level 5. HP: 19/33 MP: 5/5
  2404 | D:4      | Noticed a centaur
  2407 | D:4      | Shot with an arrow by a centaur

Illustrated notes

Levels and vault maps discovered:
D:1:      amcnicky_arrival_abandoned_market, layout_basic,
          reono_crystal_passage, nicolae_houndstooth_variations
D:2:      layout_rooms
D:3:      layout_basic, nemelex_altar_shiori, elyvilon_altar_1, serial_shops,
          shop, grunt_ministairs_11, nrook_mini_backslash
D:4:      layout_basic, uniq_natasha

Skill      XL: |  1  2  3  4 |
---------------+-------------+-----
Stealth        | 1 2 3 |  3.8
Unarmed Combat | 4 |  4.2
Fighting       | |  1.2
Dodging        | |  2.7
Shapeshifting  | |  3.0

Action                     |  1- 3 |  4- 6 || total
---------------------------+-------+-------++-------
  Melee: Unarmed           |    66 |    23 ||    89
         Constrict         |    18 |     7 ||    25
         Tentacles         |    11 |     8 ||    19
         Punch             |     1 |       ||     1
   Stab: Sleeping          |     8 |     3 ||    11
 Armour: Skin              |    38 |    12 ||    50
  Dodge: Dodged            |    61 |    11 ||    72

Table legend: (Time is in decaauts)
 A = Elapsed time spent in this place.
 B = Non-inter-level travel time spent in this place.
 C = Inter-level travel time spent in this place.
 D = Time resting spent in this place.
 E = Time spent auto-exploring this place.
 F = Levels seen in this place.
 G = Mean time per level.
                   A        B        C        D        E       F      G
               +--------+--------+--------+--------+--------+-----+--------+
         Total |   2402 |   2339 |     63 |     68 |   1963 |   4 |  600.5 |
       Dungeon |   2402 |   2339 |     63 |     68 |   1963 |   4 |  600.5 |
               +--------+--------+--------+--------+--------+-----+--------+

Top non-repeatable levels by time:
     D:1: 949 daAuts
     D:3: 886 daAuts
     D:2: 511 daAuts
     D:4: 55 daAuts
